Map: [ESL] Stargazers

Players

Reynor - Winner!

  • Race: Zerg Zerg
  • Spawn Location: 11:00

Clem

  • Race: Terran Terran
  • Spawn Location: 1:00

Event: DreamHack SC2 Masters 2022 Atlanta (Online)

VOD

Have the link to the VOD?

Description

Time

  • Played on: Oct. 16, 2022, 1:31 p.m.
  • Length: 10:13

All games in this series

Show
View Real Time Build Order
Export as new Build Order

Reynor Zerg - Winner!

Build Orders: Hatch First 

Get SALT Encoding   

  12  0:00  Drone  
  13  0:12  Overlord  
  13  0:16  Drone  
  14  0:30  Drone x2  
  16  0:47  Hatchery  
  15  0:50  Drone  
  15  0:54  Drone  
  17  0:57  Drone  
  18  1:08  Extractor  
  17  1:12  Spawning Pool  
  17  1:16  Drone  
  17  1:19  Drone  
  18  1:27  Drone  
  19  1:38  Drone  
  20  1:49  Overlord  
  20  1:59  Queen x2  
  20  2:00  Zergling x4  
  26  2:10  Drone x2  
  28  2:21  Drone x2  
  30  2:29  Hatchery  
  29  2:34  Drone x2  
  31  2:38  Metabolic Boost  
  31  2:45  Drone  
  31  2:47  Overlord  
  31  2:53  Drone x2  
  31  2:56  Queen  
  35  3:07  Drone x2  
  35  3:09  Drone, Overlord  
  35  3:11  Drone  
  39  3:13  Queen  
  39  3:16  Drone  
  39  3:19  Overlord  
  42  3:25  Zergling x2  
  43  3:28  Zergling x2  
  43  3:32  Queen  
  46  3:36  Zergling x2  
  46  3:37  Drone  
  46  3:41  Queen  
  48  3:42  Drone  
  48  3:47  Drone  
  52  3:48  Drone  
  52  3:49  Queen  
  52  3:53  Drone  
  56  3:57  Drone  
  56  3:59  Overlord  
  56  4:02  Drone  
  58  4:03  Drone  
  58  4:04  Drone x2  
  58  4:08  Queen, Drone  
  64  4:11  Drone  
  64  4:15  Overlord  
  65  4:18  Queen  
  65  4:20  Drone  
  65  4:21  Drone x2  
  65  4:22  Extractor  
  65  4:24  Drone x2  
  71  4:26  Drone  
  71  4:29  Lair  
  72  4:32  Drone  
  72  4:34  Drone  
  72  4:37  Drone  
  75  4:42  Baneling Nest, Drone x3  
  77  4:47  Drone x5  
  77  4:50  Overlord  
  81  4:53  Overlord  
  81  4:59  Drone  
  82  5:00  Overlord  
  82  5:02  Extractor  
  82  5:04  Zergling x4  
  81  5:08  Overlord  
  81  5:09  Zergling x4  
  81  5:11  Drone  
  84  5:18  Zergling x6  
  84  5:19  Evolution Chamber  
  84  5:20  Drone x2  
  88  5:24  Zergling x2  
  88  5:28  Centrifugal Hooks  
  89  5:29  Extractor  
  89  5:31  Zergling x8  
  89  5:33  Overlord  
  92  5:37  Queen  
  92  5:38  Drone x3  
  92  5:41  Drone  
  98  5:43  Overlord  
  98  5:44  Zerg Ground Armor Level 1  
  98  5:46  Extractor  
  98  5:48  Drone  
  98  5:49  Queen  
  100  5:52  Drone  
  100  5:54  Drone, Extractor  
  101  5:58  Zergling x4  
  101  5:59  Zergling x2  
  101  6:01  Zergling x2  
  101  6:02  Zergling x2  
  101  6:03  Zergling x2  
  108  6:04  Zergling x2  
  108  6:05  Hatchery  
  108  6:07  Zergling x4, Hatchery  
  108  6:09  Zergling x6  
  111  6:13  Queen  
  111  6:14  Zergling x2  
  111  6:16  Overlord  
  114  6:21  Zergling x4  
  118  6:25  Zergling x6  
  118  6:30  Baneling x6  
  118  6:31  Drone x2  
  118  6:32  Drone x3  
  121  6:35  Drone  
  121  6:39  Baneling  
  122  6:40  Baneling x4  
  122  6:41  Drone x3  
  122  6:42  Queen  
  122  6:44  Evolution Chamber  
  127  6:47  Zergling x6  
  127  6:50  Pneumatized Carapace  
  127  6:52  Zergling x4  
  131  6:57  Overlord  
  131  7:08  Zergling x10  
  131  7:10  Baneling x7  
  131  7:13  Queen  
  136  7:16  Zergling x10  
  136  7:21  Zergling x2  
  142  7:24  Zergling x4, Zerg Melee Weapons Level 1  
  142  7:25  Zergling x2  
  142  7:27  Baneling x7  
  142  7:29  Drone x4  
  149  7:30  Drone  
  150  7:38  Queen  
  150  7:39  Zergling x4  
  150  7:40  Drone x3  
  150  7:41  Baneling x4  
  150  7:43  Zerg Ground Armor Level 2  
  157  7:45  Overlord  
  157  7:51  Overlord  
  157  8:00  Overlord  
  157  8:02  Baneling x4  
  157  8:03  Overlord  
  157  8:05  Zergling x2  
  157  8:06  Zergling x16, Infestation Pit  
  157  8:11  Zergling x6  
  157  8:12  Zergling x6  
  171  8:13  Baneling x9  
  171  8:15  Zergling x4  
  171  8:21  Zergling x2  
  171  8:22  Zergling x10  
  171  8:23  Zergling x4  
  171  8:26  Zergling x8  
  172  8:29  Zergling x2  
  172  8:30  Zergling x4  
  172  8:31  Zergling x2  
  164  8:37  Zergling x4  
  164  8:40  Zergling x8  
  164  8:44  Zergling x2  
  164  8:46  Zergling x2  
  166  8:49  Hive  
  166  8:50  Baneling x9  
  166  8:51  Zergling x2  
  167  8:57  Hatchery  
  167  9:01  Baneling x14  
  164  9:03  Zergling x12  
  164  9:04  Zergling x4  
  164  9:08  Zergling x4  
  171  9:13  Zergling x6  
  168  9:19  Zergling x12  
  168  9:20  Zergling x10  
  168  9:22  Zergling x4  
  179  9:27  Overlord  
  179  9:31  Baneling x9  
  178  9:32  Zergling x4  
  178  9:35  Zergling x2  
  182  9:38  Zergling x4  
  182  9:40  Zergling x2  
  182  9:41  Overlord  
  182  9:46  Baneling x12  
  182  9:47  Zergling x12  
  182  9:50  Zergling x6  
Show
View Real Time Build Order
Export as new Build Order

Clem Terran 

Build Orders: Reaper Expand 

Get SALT Encoding   

  12  0:00  SCV  
  13  0:12  SCV  
  14  0:16  Supply Depot  
  14  0:24  SCV  
  15  0:38  SCV  
  15  0:40  Barracks  
  16  0:43  Refinery  
  16  0:50  SCV  
  17  1:02  SCV  
  18  1:14  SCV  
  19  1:27  Reaper, Orbital Command  
  20  1:39  Command Center  
  20  1:46  Supply Depot  
  20  1:52  SCV  
  21  1:58  Marine  
  22  2:04  SCV  
  23  2:10  Factory  
  23  2:16  SCV  
  23  2:20  Barracks Reactor  
  24  2:28  SCV  
  25  2:39  Command Center  
  25  2:42  SCV  
  26  2:52  Orbital Command  
  26  2:54  SCV  
  27  2:59  Barracks  
  27  3:06  SCV, Barracks Tech Lab  
  27  3:10  Hellion  
  30  3:14  Hellion  
  30  3:18  SCV  
  34  3:20  SCV, Refinery  
  34  3:25  Marine  
  35  3:28  Stimpack  
  35  3:30  SCV  
  37  3:34  SCV  
  37  3:42  SCV  
  37  3:46  SCV  
  37  3:47  Starport  
  37  3:48  Marine  
  39  3:52  Orbital Command  
  39  3:54  SCV  
  39  3:55  Factory Reactor, Marine x2  
  43  3:58  SCV  
  44  4:02  Supply Depot  
  44  4:03  Orbital Command  
  44  4:06  SCV  
  44  4:09  Marine  
  45  4:10  SCV  
  45  4:12  Marine  
  45  4:13  Marine  
  49  4:18  SCV  
  49  4:22  SCV  
  51  4:27  Supply Depot, Marine  
  51  4:28  SCV  
  51  4:30  Marine  
  51  4:31  SCV, Marine  
  56  4:34  SCV  
  56  4:40  SCV, Factory Tech Lab  
  56  4:42  Supply Depot  
  56  4:43  SCV, Medivac x2  
  56  4:45  Marine  
  62  4:46  SCV  
  62  4:48  Marine  
  62  4:52  SCV  
  66  4:53  Barracks  
  66  4:54  Refinery, Marine  
  66  4:56  SCV  
  66  4:58  SCV  
  69  5:01  Refinery  
  69  5:03  Marine  
  69  5:04  SCV  
  69  5:06  Marine  
  72  5:08  Supply Depot, SCV  
  72  5:11  SCV, Siege Tank  
  77  5:18  Combat Shield  
  77  5:26  Supply Depot  
  77  5:30  SCV x3, Marine x3  
  77  5:31  Supply Depot  
  77  5:32  Medivac  
  85  5:38  Engineering Bay x2  
  85  5:41  Barracks Reactor  
  85  5:43  Supply Depot  
  85  5:47  Marine  
  85  5:48  SCV x3  
  85  5:49  Siege Tank  
  92  5:50  Marine  
  92  5:53  Marine  
  92  5:55  Supply Depot  
  94  6:00  SCV x3  
  97  6:04  Medivac  
  97  6:05  Marine  
  97  6:08  Marine  
  97  6:10  Barracks, Marine  
  102  6:11  Barracks, Terran Infantry Weapons Level 1  
  102  6:12  SCV  
  102  6:16  Supply Depot  
  103  6:23  Marine  
  103  6:24  Marine x2  
  108  6:25  Siege Tank  
  108  6:26  Marine  
  108  6:27  Supply Depot, SCV  
  108  6:28  Marine  
  108  6:29  Terran Infantry Armor Level 1  
  111  6:34  Barracks  
  111  6:36  Barracks  
  111  6:40  Barracks  
  111  6:41  Marine  
  111  6:43  Marine  
  111  6:44  Supply Depot  
  111  6:45  Marine x2  
  111  6:46  Sensor Tower  
  115  6:49  Supply Depot  
  115  6:51  Marine  
  115  6:53  SCV x2  
  115  6:54  SCV  
  119  6:58  Medivac x2  
  123  7:02  Marine x2  
  123  7:04  Barracks Reactor  
  123  7:07  Supply Depot  
  123  7:08  SCV x3, Marine x2  
  127  7:09  Refinery, Marine  
  127  7:15  Marine  
  129  7:18  Siege Tank  
  129  7:20  Marine x2  
  135  7:23  Supply Depot  
  135  7:24  Barracks Reactor  
  135  7:26  Marine x2  
  135  7:28  Marine  
  139  7:31  Barracks Tech Lab  
  139  7:33  Marine  
  139  7:34  Armory  
  140  7:37  Supply Depot, Marine  
  140  7:38  Supply Depot, Marine  
  140  7:39  Medivac  
  140  7:40  Marine  
  140  7:42  Barracks Reactor, Marine  
  145  7:44  Marine x2  
  145  7:46  Marine  
  145  7:50  Supply Depot  
  148  7:51  Marine x2  
  148  7:54  Medivac  
  148  7:55  Marine x2  
  148  7:57  Marine  
  155  8:00  Marine  
  155  8:01  Supply Depot, Siege Tank  
  155  8:02  Marine x4  
  163  8:09  Medivac  
  163  8:11  Marine x2  
  167  8:15  Supply Depot, Marine x2  
  169  8:24  Medivac  
  169  8:27  SCV x2, Marine x2  
  163  8:29  Marine  
  163  8:30  Marine x2  
  163  8:31  SCV  
  163  8:33  Siege Tank  
  157  8:37  Marine  
  157  8:39  SCV  
  157  8:40  Marine x2  
  145  8:42  Marine  
  145  8:47  Marine  
  147  8:50  Marine x2  
  147  8:51  Medivac  
  147  8:52  Marine, Orbital Command  
  147  8:55  Marine  
  153  8:58  Marine x7  
  153  9:00  Marine  
  144  9:05  SCV x2, Marine  
  144  9:07  Marine  
  144  9:17  SCV x2  
  144  9:18  SCV  
  144  9:20  Marine  
  144  9:23  Marine  
  149  9:25  Siege Tank  
  149  9:29  SCV x2  
  149  9:30  SCV  
  155  9:35  Marine x2  
  155  9:37  Supply Depot  
  157  9:39  Supply Depot  
  157  9:41  Marine x2  
  157  9:42  SCV x2  
  154  9:48  Marine x2  
  154  9:51  Marine x3  
  154  9:54  Marine  
  152  10:00  Supply Depot  
Tags
 
Add a new tag
Caveats
  • Supply blocks, unpowered buildings, or Contaminate may cause inaccurate times.
  • Supply counts are checked every 10 seconds.